Kings vs Sabres

Created - 14 avril 2019 at 20:35

Goals
1 2 3 T
Kings 2 0 2 4
Sabres 3 1 1 5
Shots
1 2 3 T
Kings 11 18 23 52
Sabres 15 8 5 28

1st period

1. Sabres , Brock Nelson 15 (Lars Eller 29) at 1:13
2. Kings , Jonathan Toews 26 (Jesper Fast 19, Daniel Sedin 26) at 8:19 (PP)
3. Kings , Patrik Berglund 20 (Joe Pavelski 38, John Moore 28) at 8:44
4. Sabres , Leon Draisaitl 37 (Ryan Nugent-Hopkins 38) at 9:32
5. Sabres , Lars Eller 22 (Ryan Murray 17) at 18:16

Penalties :
Tyler Myers (BUF) for High sticking (Minor) at 8:13, Jake McCabe (BUF) for Roughing (Minor) at 15:54, Jonathan Toews (LOS) for Hooking (Minor) at 15:54

2nd period

6. Sabres , Paul Stastny 26 (Tyler Myers 27, Leon Draisaitl 51) at 8:26 (PP)

Penalties :
Leon Draisaitl (BUF) for Hooking (Minor) at 2:16, Joe Pavelski (LOS) for Hooking (Minor) at 7:44, Brendan Perlini (BUF) for Holding (Minor) at 13:51, Leon Draisaitl (BUF) for Goalie Interference (Minor) at 18:31

3rd period

7. Kings , Jesper Fast 14 (Daniel Sedin 27, Erik Johnson 44) at 1:45
8. Kings , Austin Watson 11 (Mikael Backlund 30, Travis Sanheim 7) at 10:34
9. Sabres , Brendan Perlini 8 (Lars Eller 30, Brock Nelson 22) at 19:20

Penalties :
Ryan Nugent-Hopkins (BUF) for Hooking (Minor) at 2:21, Evander Kane (BUF) for Fighting (Major) at 12:58, Stephen Johns (LOS) for Fighting (Major) at 12:58

Goalie Stats

Jacob Markstrom (LOS), 23 saves from 28 shots - (0.821), L, 12-15-1, 59:35 minutes
Matt Murray (BUF), 48 saves from 52 shots - (0.923), W, 32-26-10, 60:00 minutes

Players Stats for Kings

Player Name              G  A  P  +/- PIM S  H  SB GA TA FO     MP     PP MP  PK MP  
------------------------------------------------------------------------------------
Anthony Cirelli          0  0  0   0  0   3  0  0  0  0  0/1     2:25   0:00   0:12 
Austin Watson            1  0  1   1  0   7  3  0  0  0  0/0    14:17   0:00   0:12 
Daniel Sedin             0  2  2  -1  0   1  1  0  0  0  3/3    19:19   3:46   0:00 
Erik Johnson             0  1  1   2  0   4  2  3  0  0  0/0    28:12   4:48   0:12 
Jesper Fast              1  1  2  -1  0   6  4  0  0  0  0/0    19:19   3:46   0:00 
Joe Pavelski             0  1  1  -1  2   11 1  1  0  0  17/34  23:57   4:16   0:00 
John Moore               0  1  1   0  0   0  0  2  0  0  0/0    10:49   1:13   0:00 
Jonathan Toews           1  0  1  -1  2   7  0  0  0  0  23/32  21:18   3:46   0:30 
Klas Dahlbeck            0  0  0  -1  0   0  0  0  0  0  0/0    13:58   0:10   0:12 
Mark Jankowski           0  0  0   0  0   0  0  0  0  0  2/4     2:31   0:00   0:00 
Matt Hunwick             0  0  0  -1  0   2  2  0  0  0  0/0    22:34   3:14   0:30 
Mikael Backlund          0  1  1   1  0   2  0  0  0  0  10/18  14:05   0:00   0:00 
Nick Bjugstad            0  0  0  -1  0   2  0  0  0  0  0/0    22:04   4:16   0:00 
Oskar Sundqvist          0  0  0   0  0   0  0  0  0  0  0/1     1:42   0:00   0:30 
Patrik Berglund          1  0  1  -1  0   5  2  0  0  0  0/1    22:22   4:16   0:00 
Stephen Johns            0  0  0  -2  5   1  1  1  0  0  0/0    21:59   3:14   0:30 
Travis Sanheim           0  1  1   0  0   0  0  2  0  0  0/0    21:08   3:25   0:00 
Victor Rask              0  0  0   1  0   1  0  0  0  0  4/7    15:17   0:00   0:00 

Players Stats for Sabres

Player Name              G  A  P  +/- PIM S  H  SB GA TA FO     MP     PP MP  PK MP  
------------------------------------------------------------------------------------
Adam Pelech              0  0  0   0  0   0  0  1  0  0  0/0     5:50   0:00   0:00 
Andy Greene              0  0  0   0  0   1  2  1  0  0  0/0    21:53   0:00   4:44 
Brendan Perlini          1  0  1   3  2   4  2  0  0  0  0/1    11:00   0:00   0:00 
Brett Connolly           0  0  0   0  0   0  1  0  0  0  0/0     5:52   0:00   0:00 
Brock Nelson             1  1  2   3  0   4  0  1  0  0  0/1    18:46   0:00   1:53 
Dan Girardi              0  0  0   2  0   1  1  1  0  0  0/0    15:57   0:00   4:44 
Evander Kane             0  0  0   0  5   1  2  0  0  0  0/1    13:51   0:00   0:00 
Jake McCabe              0  0  0  -1  2   0  2  2  0  0  0/0    20:02   0:00   3:18 
John Carlson             0  0  0  -1  0   0  0  4  0  0  0/0    26:51   0:00   3:18 
Kyle Criscuolo           0  0  0   0  0   0  0  0  0  0  1/12    5:52   0:00   0:00 
Kyle Turris              0  0  0   0  0   5  0  0  0  0  13/21  16:04   0:00   0:36 
Lars Eller               1  2  3   3  0   1  0  0  0  0  10/33  17:43   0:00   6:09 
Leon Draisaitl           1  1  2  -2  4   6  2  0  0  0  1/2    20:01   0:42   0:00 
Paul Stastny             1  0  1  -2  0   3  1  0  0  0  14/25  18:26   0:42   0:00 
Ryan Murray              0  1  1   2  0   0  0  2  0  0  0/0    12:45   0:42   0:00 
Ryan Nugent-Hopkins      0  1  1  -2  2   1  1  0  0  0  2/3    20:53   0:42   1:17 
Tyler Myers              0  1  1   0  2   0  2  1  0  0  0/0    16:40   0:42   0:00 
Zach Hyman               0  0  0   0  0   1  0  1  0  0  1/2    21:26   0:00   6:09 

3 Stars

1 - Lars Eller (BUF)
2 - Brock Nelson (BUF)
3 - Brendan Perlini (BUF)

Power Play

Kings - 1 on 5 Attempt(s) - 20.00%
Sabres - 1 on 1 Attempt(s) - 100.00%

Penalty Kill

Kings - 0 on 1 Attempt(s) - 0.00% - Score 0 goal in Penalty Kill
Sabres - 4 on 5 Attempt(s) - 80.00% - Score 0 goal in Penalty Kill

Team Stat

Kings - Hits : 16 - Faceoff Wins : 59 - Blocked Shots : 9 - Penalty Minutes : 9
Sabres - Hits : 16 - Faceoff Wins : 42 - Blocked Shots : 14 - Penalty Minutes : 17

Official

Referees : Dave Lewis and Chris Lee
Linesman : Steve Barton and Jay Sharrers

Game Notes

John Moore is injured at 6:34 of 2nd period (Lower Body)
Stephen Johns beats up Evander Kane at 12:58 of 3rd period

Finance

Level 1 -- Attendance: 5727 (88.11%) -- Ticket Income 572 700 $
Level 2 -- Attendance: 4671 (93.42%) -- Ticket Income 350 325 $
Level 3 -- Attendance: 3295 (94.14%) -- Ticket Income 164 750 $
Level 4 -- Attendance: 2733 (89.02%) -- Ticket Income 68 325 $
Luxury Box -- Attendance: 700 (70.00%) -- Ticket Income 175 000 $
Game was played at the First Niagara Center.
Total Attendance: 17126 (89.81%)
Total Ticket Income: 1 331 100 $
Other Income: 652 239 $
Total Income: 1 983 339 $

% Time on Ice - Kings

Lines # - Real PCT - Wanted PCT - Time Play
Normal Forward
1 - 37% - 40% - 17:48
2 - 32% - 30% - 15:33
3 - 28% - 20% - 13:47
4 - 3% - 10% - 1:30
Normal Defense
1 - 43% - 40% - 20:44
2 - 33% - 30% - 16:06
3 - 18% - 20% - 8:57
4 - 6% - 10% - 2:51
PP Forward
1 - 53% - 60% - 4:16
2 - 47% - 40% - 3:46
PP Defense
1 - 60% - 60% - 4:48
2 - 40% - 40% - 3:14
PK Forward
1 - 100% - 60% - 0:42
2 - 0% - 40% - 0:00
PK Defense
1 - 29% - 60% - 0:12
2 - 71% - 40% - 0:30
PK3 Forward
1 - 0% - 60%
2 - 0% - 40%
PK3 Defense
1 - 0% - 60%
2 - 0% - 40%
44 Forward
1 - 85% - 60% - 1:41
2 - 15% - 40% - 0:18
44 Defense
1 - 43% - 60% - 0:51
2 - 57% - 40% - 1:08
Last Minute Offensive  - 0:39
Last Minute Defensive  - 0:00
Total
Forward - 60:00
Defense - 60:00

% Time on Ice - Sabres

Lines # - Real PCT - Wanted PCT - Time Play
Normal Forward
1 - 35% - 42% - 17:07
2 - 30% - 33% - 14:38
3 - 23% - 20% - 11:01
4 - 12% - 5% - 5:52
Normal Defense
1 - 34% - 40% - 16:45
2 - 32% - 30% - 15:40
3 - 23% - 20% - 11:13
4 - 10% - 10% - 5:00
PP Forward
1 - 100% - 60% - 0:42
2 - 0% - 40% - 0:00
PP Defense
1 - 0% - 60% - 0:00
2 - 100% - 40% - 0:42
PK Forward
1 - 77% - 60% - 6:09
2 - 23% - 40% - 1:53
PK Defense
1 - 59% - 60% - 4:44
2 - 41% - 40% - 3:18
PK3 Forward
1 - 0% - 60%
2 - 0% - 40%
PK3 Defense
1 - 0% - 60%
2 - 0% - 40%
44 Forward
1 - 58% - 60% - 1:09
2 - 42% - 40% - 0:50
44 Defense
1 - 100% - 60% - 1:59
2 - 0% - 40% - 0:00
Last Minute Offensive  - 0:00
Last Minute Defensive  - 0:39
Total
Forward - 60:00
Defense - 60:00

Play-by-Play

1st period


0:01 of 1st period - Joe Pavelski wins face-off versus Paul Stastny in neutral zone.
0:14 of 1st period - Shot by Patrik Berglund.
0:14 of 1st period - Shot Blocked by Jake McCabe.
0:20 of 1st period - Shot by Nick Bjugstad.
0:20 of 1st period - Stopped by Matt Murray without a rebound.
0:21 of 1st period - Jonathan Toews wins face-off versus Kyle Turris in Sabres zone.
0:22 of 1st period - Shot by Jesper Fast.
0:22 of 1st period - Stopped by Matt Murray with a rebound.
0:30 of 1st period - Jesper Fast is hit by Evander Kane and loses puck.
0:48 of 1st period - Zach Hyman is hit by Matt Hunwick and loses puck.
1:13 of 1st period - Shot by Brock Nelson.
1:13 of 1st period - Goal by Brock Nelson - Kings : 0 - Sabres : 1.
1:14 of 1st period - Victor Rask wins face-off versus Paul Stastny in neutral zone.
1:17 of 1st period - Shot by Austin Watson.
1:17 of 1st period - Stopped by Matt Murray without a rebound.
1:18 of 1st period - Victor Rask wins face-off versus Lars Eller in Sabres zone.
1:21 of 1st period - Shot by Mikael Backlund.
1:21 of 1st period - Shot Misses the Net.
2:17 of 1st period - Shot by Joe Pavelski.
2:17 of 1st period - Shot Misses the Net.
2:25 of 1st period - Shot by Nick Bjugstad.
2:25 of 1st period - Shot Misses the Net.
2:31 of 1st period - Shot by Joe Pavelski.
2:31 of 1st period - Shot Misses the Net.
3:09 of 1st period - Shot by Jonathan Toews.
3:09 of 1st period - Shot Blocked by Ryan Murray.
3:11 of 1st period - Shot by Jesper Fast.
3:11 of 1st period - Shot Misses the Net.
3:13 of 1st period - Shot by Jonathan Toews.
3:13 of 1st period - Stopped by Matt Murray without a rebound.
3:14 of 1st period - Kyle Turris wins face-off versus Victor Rask in Sabres zone.
4:22 of 1st period - Shot by Paul Stastny.
4:22 of 1st period - Shot Misses the Net.
4:24 of 1st period - Shot by Paul Stastny.
4:24 of 1st period - Shot Misses the Net.
4:26 of 1st period - Shot by Dan Girardi.
4:26 of 1st period - Stopped by Jacob Markstrom without a rebound.
4:27 of 1st period - Kyle Criscuolo wins face-off versus Joe Pavelski in Kings zone.
4:59 of 1st period - Icing by Adam Pelech.
5:00 of 1st period - Victor Rask wins face-off versus Kyle Criscuolo in Sabres zone.
5:03 of 1st period - Shot by Victor Rask.
5:03 of 1st period - Shot Blocked by Adam Pelech.
5:20 of 1st period - Off-side.
5:21 of 1st period - Daniel Sedin wins face-off versus Paul Stastny in neutral zone.
5:24 of 1st period - Shot by Jonathan Toews.
5:24 of 1st period - Shot Blocked by Ryan Murray.
5:30 of 1st period - Shot by Paul Stastny.
5:30 of 1st period - Stopped by Jacob Markstrom without a rebound.
5:31 of 1st period - Kyle Turris wins face-off versus Joe Pavelski in Kings zone.
6:00 of 1st period - Shot by Evander Kane.
6:00 of 1st period - Shot Misses the Net.
6:02 of 1st period - Shot by Zach Hyman.
6:02 of 1st period - Shot Misses the Net.
6:04 of 1st period - Shot by Tyler Myers.
6:04 of 1st period - Shot Misses the Net.
6:08 of 1st period - Shot by Zach Hyman.
6:08 of 1st period - Shot Misses the Net.
7:28 of 1st period - Shot by Austin Watson.
7:28 of 1st period - Stopped by Matt Murray without a rebound.
7:29 of 1st period - Joe Pavelski wins face-off versus Kyle Criscuolo in Sabres zone.
7:52 of 1st period - Shot by Joe Pavelski.
7:52 of 1st period - Stopped by Matt Murray without a rebound.
7:53 of 1st period - Kyle Turris wins face-off versus Mikael Backlund in Sabres zone.
7:53 of 1st period - Kyle Turris is hit by Austin Watson.
7:56 of 1st period - Tyler Myers is hit by Austin Watson and loses puck.
8:12 of 1st period - Austin Watson is hit by Andy Greene and loses puck.
8:13 of 1st period - Minor Penalty to Tyler Myers for High sticking.
8:14 of 1st period - Daniel Sedin wins face-off versus Lars Eller in Sabres zone.
8:15 of 1st period - Shot by Jonathan Toews.
8:15 of 1st period - Shot Blocked by Zach Hyman.
8:17 of 1st period - Shot by Jesper Fast.
8:17 of 1st period - Shot Misses the Net.
8:19 of 1st period - Shot by Jonathan Toews.
8:19 of 1st period - Goal by Jonathan Toews - Kings : 1 - Sabres : 1.
8:20 of 1st period - Joe Pavelski wins face-off versus Ryan Nugent-Hopkins in neutral zone.
8:26 of 1st period - Nick Bjugstad is hit by Jake McCabe and loses puck.
8:44 of 1st period - Shot by Joe Pavelski.
8:44 of 1st period - Deflect By Patrik Berglund.
8:44 of 1st period - Goal by Patrik Berglund - Kings : 2 - Sabres : 1.
8:45 of 1st period - Jonathan Toews wins face-off versus Lars Eller in neutral zone.
8:58 of 1st period - Shot by Brendan Perlini.
8:58 of 1st period - Stopped by Jacob Markstrom with a rebound.
9:00 of 1st period - Shot by Ryan Murray.
9:00 of 1st period - Shot Misses the Net.
9:06 of 1st period - Shot by Brock Nelson.
9:06 of 1st period - Shot Misses the Net.
9:22 of 1st period - Shot by Brendan Perlini.
9:22 of 1st period - Stopped by Jacob Markstrom without a rebound.
9:23 of 1st period - Paul Stastny wins face-off versus Joe Pavelski in Kings zone.
9:23 of 1st period - Leon Draisaitl is hit by Erik Johnson and loses puck.
9:32 of 1st period - Shot by Leon Draisaitl.
9:32 of 1st period - Goal by Leon Draisaitl - Kings : 2 - Sabres : 2.
9:33 of 1st period - Kyle Turris wins face-off versus Mikael Backlund in neutral zone.
11:08 of 1st period - Off-side.
11:09 of 1st period - Lars Eller wins face-off versus Jonathan Toews in neutral zone.
11:34 of 1st period - Icing by Jesper Fast.
11:35 of 1st period - Jonathan Toews wins face-off versus Paul Stastny in Kings zone.
11:35 of 1st period - Daniel Sedin is hit by Ryan Nugent-Hopkins and loses puck.
11:42 of 1st period - Shot by Leon Draisaitl.
11:42 of 1st period - Shot Misses the Net.
11:48 of 1st period - Shot by Leon Draisaitl.
11:48 of 1st period - Stopped by Jacob Markstrom without a rebound.
11:49 of 1st period - Mikael Backlund wins face-off versus Kyle Criscuolo in Kings zone.
11:49 of 1st period - Mikael Backlund is hit by Brett Connolly.
12:19 of 1st period - Shot by Brock Nelson.
12:19 of 1st period - Stopped by Jacob Markstrom without a rebound.
12:20 of 1st period - Joe Pavelski wins face-off versus Paul Stastny in Kings zone.
12:25 of 1st period - Shot by Nick Bjugstad.
12:25 of 1st period - Stopped by Matt Murray without a rebound.
12:26 of 1st period - Paul Stastny wins face-off versus Joe Pavelski in Sabres zone.
12:39 of 1st period - Shot by Paul Stastny.
12:39 of 1st period - Deflect By Leon Draisaitl.
12:39 of 1st period - Stopped by Jacob Markstrom without a rebound.
12:40 of 1st period - Jonathan Toews wins face-off versus Kyle Turris in Kings zone.
12:51 of 1st period - Shot by Jonathan Toews.
12:51 of 1st period - Stopped by Matt Murray with a rebound.
12:53 of 1st period - Shot by Jesper Fast.
12:53 of 1st period - Shot Misses the Net.
13:09 of 1st period - Shot by Kyle Turris.
13:09 of 1st period - Stopped by Jacob Markstrom without a rebound.
13:10 of 1st period - Paul Stastny wins face-off versus Joe Pavelski in Kings zone.
14:09 of 1st period - Icing by Brendan Perlini.
14:10 of 1st period - Jonathan Toews wins face-off versus Brendan Perlini in Sabres zone.
14:26 of 1st period - Icing by Andy Greene.
14:27 of 1st period - Mikael Backlund wins face-off versus Lars Eller in Sabres zone.
15:04 of 1st period - Shot by Victor Rask.
15:04 of 1st period - Stopped by Matt Murray with a rebound.
15:13 of 1st period - Icing by Lars Eller.
15:14 of 1st period - Jonathan Toews wins face-off versus Lars Eller in Sabres zone.
15:14 of 1st period - Jonathan Toews is hit by Tyler Myers.
15:54 of 1st period - Minor Penalty to Jake McCabe for Roughing.
15:54 of 1st period - Minor Penalty to Jonathan Toews for Hooking.
15:55 of 1st period - Leon Draisaitl wins face-off versus Mark Jankowski in Sabres zone.
17:20 of 1st period - Icing by Kyle Turris.
17:21 of 1st period - Kyle Turris wins face-off versus Anthony Cirelli in Sabres zone.
17:56 of 1st period - Shot by Brock Nelson.
17:56 of 1st period - Stopped by Jacob Markstrom without a rebound.
17:57 of 1st period - Lars Eller wins face-off versus Jonathan Toews in Kings zone.
18:00 of 1st period - Shot by Brendan Perlini.
18:00 of 1st period - Stopped by Jacob Markstrom with a rebound.
18:02 of 1st period - Shot by Brock Nelson.
18:02 of 1st period - Shot Misses the Net.
18:16 of 1st period - Shot by Lars Eller.
18:16 of 1st period - Goal by Lars Eller - Kings : 2 - Sabres : 3.
18:17 of 1st period - Mikael Backlund wins face-off versus Evander Kane in neutral zone.
18:35 of 1st period - Shot by Kyle Turris.
18:35 of 1st period - Shot Blocked by John Moore.
18:37 of 1st period - Shot by Zach Hyman.
18:37 of 1st period - Shot Blocked by John Moore.
19:26 of 1st period - Paul Stastny is hit by Stephen Johns and loses puck.
19:37 of 1st period - Shot by Ryan Nugent-Hopkins.
19:37 of 1st period - Stopped by Jacob Markstrom without a rebound.
19:38 of 1st period - Jonathan Toews wins face-off versus Lars Eller in Kings zone.
19:38 of 1st period - Jonathan Toews is hit by Brendan Perlini.
19:50 of 1st period - Shot by Andy Greene.
19:50 of 1st period - Shot Blocked by Travis Sanheim.
19:52 of 1st period - Shot by Brock Nelson.
19:52 of 1st period - Stopped by Jacob Markstrom without a rebound.
19:53 of 1st period - Joe Pavelski wins face-off versus Kyle Criscuolo in Kings zone.
Goals for this period are 2 for Kings vs 3 for Sabres.
Shots for this period are 11 for Kings vs 15 for Sabres.

2nd period


0:01 of 2nd period - Paul Stastny wins face-off versus Victor Rask in neutral zone.
0:31 of 2nd period - Shot by Paul Stastny.
0:31 of 2nd period - Shot Blocked by Erik Johnson.
0:34 of 2nd period - Icing by Erik Johnson.
0:35 of 2nd period - Kyle Turris wins face-off versus Victor Rask in Kings zone.
0:45 of 2nd period - Icing by Erik Johnson.
0:46 of 2nd period - Victor Rask wins face-off versus Lars Eller in Kings zone.
0:46 of 2nd period - Victor Rask is hit by Brendan Perlini.
1:34 of 2nd period - Stephen Johns is hit by Leon Draisaitl and loses puck.
1:47 of 2nd period - Shot by Paul Stastny.
1:47 of 2nd period - Stopped by Jacob Markstrom without a rebound.
1:48 of 2nd period - Kyle Turris wins face-off versus Jonathan Toews in Kings zone.
1:53 of 2nd period - Shot by Zach Hyman.
1:53 of 2nd period - Shot Misses the Net.
2:09 of 2nd period - Shot by Daniel Sedin.
2:09 of 2nd period - Shot Misses the Net.
2:15 of 2nd period - Shot by Andy Greene.
2:15 of 2nd period - Stopped by Jacob Markstrom without a rebound.
2:16 of 2nd period - Mikael Backlund wins face-off versus Paul Stastny in Kings zone.
2:16 of 2nd period - Minor Penalty to Leon Draisaitl for Hooking.
2:17 of 2nd period - Joe Pavelski wins face-off versus Lars Eller in Sabres zone.
2:22 of 2nd period - Shot by John Moore.
2:22 of 2nd period - Deflect By Patrik Berglund.
2:22 of 2nd period - Stopped by Matt Murray without a rebound.
2:23 of 2nd period - Lars Eller wins face-off versus Joe Pavelski in Sabres zone.
2:38 of 2nd period - Shot by Erik Johnson.
2:38 of 2nd period - Stopped by Matt Murray without a rebound.
2:39 of 2nd period - Lars Eller wins face-off versus Jonathan Toews in Sabres zone.
3:06 of 2nd period - Shot by Daniel Sedin.
3:06 of 2nd period - Stopped by Matt Murray with a rebound.
3:08 of 2nd period - Shot by Jesper Fast.
3:08 of 2nd period - Deflect By Daniel Sedin.
3:08 of 2nd period - Shot Misses the Net.
4:20 of 2nd period - Shot by Austin Watson.
4:20 of 2nd period - Shot Misses the Net.
4:38 of 2nd period - Shot by Ryan Nugent-Hopkins.
4:38 of 2nd period - Shot Blocked by Travis Sanheim.
4:46 of 2nd period - Shot by Leon Draisaitl.
4:46 of 2nd period - Stopped by Jacob Markstrom without a rebound.
4:47 of 2nd period - Jonathan Toews wins face-off versus Kyle Criscuolo in Kings zone.
5:16 of 2nd period - Shot by Jonathan Toews.
5:16 of 2nd period - Shot Misses the Net.
5:30 of 2nd period - Shot by Joe Pavelski.
5:30 of 2nd period - Shot Misses the Net.
5:32 of 2nd period - Shot by Erik Johnson.
5:32 of 2nd period - Stopped by Matt Murray without a rebound.
5:33 of 2nd period - Paul Stastny wins face-off versus Mikael Backlund in Sabres zone.
5:33 of 2nd period - Paul Stastny is hit by Austin Watson.
6:33 of 2nd period - John Moore is hit by Paul Stastny and loses puck.
6:34 of 2nd period - John Moore from Kings is injured at 6:34 of 2nd period (Lower Body).
6:35 of 2nd period - Jonathan Toews wins face-off versus Brock Nelson in Kings zone.
6:48 of 2nd period - Icing by Jesper Fast.
6:49 of 2nd period - Daniel Sedin wins face-off versus Kyle Turris in Kings zone.
7:06 of 2nd period - Shot by Zach Hyman.
7:06 of 2nd period - Deflect By Evander Kane.
7:06 of 2nd period - Shot Misses the Net.
7:08 of 2nd period - Shot by Evander Kane.
7:08 of 2nd period - Stopped by Jacob Markstrom without a rebound.
7:09 of 2nd period - Lars Eller wins face-off versus Joe Pavelski in Kings zone.
7:12 of 2nd period - Shot by Brendan Perlini.
7:12 of 2nd period - Shot Misses the Net.
7:18 of 2nd period - Shot by Joe Pavelski.
7:18 of 2nd period - Stopped by Matt Murray without a rebound.
7:19 of 2nd period - Jonathan Toews wins face-off versus Kyle Criscuolo in Sabres zone.
7:44 of 2nd period - Minor Penalty to Joe Pavelski for Hooking.
7:45 of 2nd period - Paul Stastny wins face-off versus Oskar Sundqvist in Kings zone.
8:22 of 2nd period - Shot by Tyler Myers.
8:22 of 2nd period - Shot Misses the Net.
8:24 of 2nd period - Shot by Tyler Myers.
8:24 of 2nd period - Shot Misses the Net.
8:26 of 2nd period - Shot by Paul Stastny.
8:26 of 2nd period - Goal by Paul Stastny - Kings : 2 - Sabres : 4.
8:27 of 2nd period - Joe Pavelski wins face-off versus Kyle Turris in neutral zone.
8:42 of 2nd period - Travis Sanheim is hit by Evander Kane and loses puck.
9:04 of 2nd period - Joe Pavelski is hit by Jake McCabe and loses puck.
9:36 of 2nd period - Mikael Backlund is hit by Tyler Myers and loses puck.
9:39 of 2nd period - Shot by Matt Hunwick.
9:39 of 2nd period - Stopped by Matt Murray without a rebound.
9:40 of 2nd period - Jonathan Toews wins face-off versus Paul Stastny in Sabres zone.
10:13 of 2nd period - Shot by Jonathan Toews.
10:13 of 2nd period - Stopped by Matt Murray without a rebound.
10:14 of 2nd period - Mikael Backlund wins face-off versus Lars Eller in Sabres zone.
10:15 of 2nd period - Shot by Victor Rask.
10:15 of 2nd period - Deflect By Austin Watson.
10:15 of 2nd period - Stopped by Matt Murray with a rebound.
10:23 of 2nd period - Shot by Mikael Backlund.
10:23 of 2nd period - Stopped by Matt Murray with a rebound.
10:25 of 2nd period - Shot by Austin Watson.
10:25 of 2nd period - Stopped by Matt Murray with a rebound.
11:22 of 2nd period - John Carlson is hit by Joe Pavelski and loses puck.
11:27 of 2nd period - Shot by Joe Pavelski.
11:27 of 2nd period - Stopped by Matt Murray without a rebound.
11:28 of 2nd period - Jonathan Toews wins face-off versus Paul Stastny in Sabres zone.
11:59 of 2nd period - Shot by Jonathan Toews.
11:59 of 2nd period - Shot Blocked by Tyler Myers.
12:11 of 2nd period - Icing by Tyler Myers.
12:12 of 2nd period - Paul Stastny wins face-off versus Joe Pavelski in Sabres zone.
12:26 of 2nd period - Icing by Tyler Myers.
12:27 of 2nd period - Paul Stastny wins face-off versus Mikael Backlund in Sabres zone.
13:02 of 2nd period - Shot by Kyle Turris.
13:02 of 2nd period - Stopped by Jacob Markstrom with a rebound.
13:26 of 2nd period - Shot by Nick Bjugstad.
13:26 of 2nd period - Deflect By Joe Pavelski.
13:26 of 2nd period - Stopped by Matt Murray without a rebound.
13:27 of 2nd period - Jonathan Toews wins face-off versus Lars Eller in Sabres zone.
13:51 of 2nd period - Minor Penalty to Brendan Perlini for Holding.
13:52 of 2nd period - Joe Pavelski wins face-off versus Lars Eller in Sabres zone.
14:04 of 2nd period - Shot by Joe Pavelski.
14:04 of 2nd period - Stopped by Matt Murray without a rebound.
14:05 of 2nd period - Jonathan Toews wins face-off versus Lars Eller in Sabres zone.
14:14 of 2nd period - Shot by Jonathan Toews.
14:14 of 2nd period - Shot Misses the Net.
14:16 of 2nd period - Shot by Stephen Johns.
14:16 of 2nd period - Stopped by Matt Murray without a rebound.
14:17 of 2nd period - Joe Pavelski wins face-off versus Lars Eller in Sabres zone.
14:27 of 2nd period - Shot by Joe Pavelski.
14:27 of 2nd period - Shot Misses the Net.
14:48 of 2nd period - Icing by Erik Johnson.
14:49 of 2nd period - Ryan Nugent-Hopkins wins face-off versus Joe Pavelski in Kings zone.
15:28 of 2nd period - Shot by Daniel Sedin.
15:28 of 2nd period - Shot Misses the Net.
15:30 of 2nd period - Shot by Jonathan Toews.
15:30 of 2nd period - Shot Misses the Net.
15:32 of 2nd period - Shot by Matt Hunwick.
15:32 of 2nd period - Stopped by Matt Murray without a rebound.
15:33 of 2nd period - Jonathan Toews wins face-off versus Lars Eller in Sabres zone.
15:42 of 2nd period - Shot by Jesper Fast.
15:42 of 2nd period - Stopped by Matt Murray without a rebound.
15:43 of 2nd period - Lars Eller wins face-off versus Joe Pavelski in Sabres zone.
15:56 of 2nd period - Shot by Joe Pavelski.
15:56 of 2nd period - Deflect By Victor Rask.
15:56 of 2nd period - Shot Misses the Net.
16:13 of 2nd period - Icing by Erik Johnson.
16:14 of 2nd period - Paul Stastny wins face-off versus Mikael Backlund in Kings zone.
16:23 of 2nd period - Shot by Leon Draisaitl.
16:23 of 2nd period - Stopped by Jacob Markstrom without a rebound.
16:24 of 2nd period - Paul Stastny wins face-off versus Joe Pavelski in Kings zone.
16:25 of 2nd period - Shot by Ryan Nugent-Hopkins.
16:25 of 2nd period - Shot Misses the Net.
16:52 of 2nd period - Shot by Patrik Berglund.
16:52 of 2nd period - Shot Misses the Net.
17:29 of 2nd period - Icing by Evander Kane.
17:30 of 2nd period - Jonathan Toews wins face-off versus Kyle Turris in Sabres zone.
17:38 of 2nd period - Off-side.
17:39 of 2nd period - Mikael Backlund wins face-off versus Lars Eller in neutral zone.
17:41 of 2nd period - Off-side.
17:42 of 2nd period - Kyle Turris wins face-off versus Jonathan Toews in neutral zone.
18:06 of 2nd period - Shot by Zach Hyman.
18:06 of 2nd period - Shot Blocked by Erik Johnson.
18:08 of 2nd period - Shot by John Carlson.
18:08 of 2nd period - Shot Misses the Net.
18:10 of 2nd period - Shot by Kyle Turris.
18:10 of 2nd period - Stopped by Jacob Markstrom without a rebound.
18:11 of 2nd period - Paul Stastny wins face-off versus Mikael Backlund in Kings zone.
18:11 of 2nd period - Leon Draisaitl is hit by Matt Hunwick and loses puck.
18:31 of 2nd period - Minor Penalty to Leon Draisaitl for Goalie Interference.
18:32 of 2nd period - Joe Pavelski wins face-off versus Zach Hyman in Sabres zone.
18:33 of 2nd period - Shot by Erik Johnson.
18:33 of 2nd period - Shot Blocked by John Carlson.
18:35 of 2nd period - Shot by Joe Pavelski.
18:35 of 2nd period - Stopped by Matt Murray without a rebound.
18:36 of 2nd period - Lars Eller wins face-off versus Joe Pavelski in Sabres zone.
19:43 of 2nd period - Shot by Jesper Fast.
19:43 of 2nd period - Stopped by Matt Murray with a rebound.
19:45 of 2nd period - Shot by Matt Hunwick.
19:45 of 2nd period - Shot Misses the Net.
Goals for this period are 0 for Kings vs 1 for Sabres.
Shots for this period are 18 for Kings vs 8 for Sabres.

3rd period


0:01 of 3rd period - Lars Eller wins face-off versus Patrik Berglund in neutral zone.
0:14 of 3rd period - Shot by Joe Pavelski.
0:14 of 3rd period - Stopped by Matt Murray without a rebound.
0:15 of 3rd period - Jonathan Toews wins face-off versus Lars Eller in Sabres zone.
0:32 of 3rd period - Shot by Patrik Berglund.
0:32 of 3rd period - Shot Misses the Net.
0:35 of 3rd period - Icing by John Carlson.
0:36 of 3rd period - Paul Stastny wins face-off versus Joe Pavelski in Sabres zone.
0:59 of 3rd period - Shot by Patrik Berglund.
0:59 of 3rd period - Stopped by Matt Murray without a rebound.
1:00 of 3rd period - Kyle Turris wins face-off versus Jonathan Toews in Sabres zone.
1:00 of 3rd period - Kyle Turris is hit by Jesper Fast.
1:06 of 3rd period - Shot by Evander Kane.
1:06 of 3rd period - Shot Misses the Net.
1:08 of 3rd period - Shot by Zach Hyman.
1:08 of 3rd period - Shot Misses the Net.
1:10 of 3rd period - Shot by Tyler Myers.
1:10 of 3rd period - Shot Blocked by Erik Johnson.
1:17 of 3rd period - Icing by Erik Johnson.
1:18 of 3rd period - Jonathan Toews wins face-off versus Paul Stastny in Kings zone.
1:43 of 3rd period - Shot by Daniel Sedin.
1:43 of 3rd period - Shot Blocked by John Carlson.
1:45 of 3rd period - Shot by Jesper Fast.
1:45 of 3rd period - Goal by Jesper Fast - Kings : 3 - Sabres : 4.
1:46 of 3rd period - Kyle Turris wins face-off versus Joe Pavelski in neutral zone.
1:51 of 3rd period - Off-side.
1:52 of 3rd period - Joe Pavelski wins face-off versus Kyle Turris in neutral zone.
2:00 of 3rd period - Evander Kane is hit by Patrik Berglund and loses puck.
2:10 of 3rd period - Shot by Kyle Turris.
2:10 of 3rd period - Stopped by Jacob Markstrom without a rebound.
2:11 of 3rd period - Paul Stastny wins face-off versus Mikael Backlund in Kings zone.
2:21 of 3rd period - Minor Penalty to Ryan Nugent-Hopkins for Hooking.
2:22 of 3rd period - Joe Pavelski wins face-off versus Lars Eller in Sabres zone.
2:35 of 3rd period - Shot by Erik Johnson.
2:35 of 3rd period - Stopped by Matt Murray without a rebound.
2:36 of 3rd period - Lars Eller wins face-off versus Jonathan Toews in Sabres zone.
2:36 of 3rd period - Zach Hyman is hit by Jesper Fast and loses puck.
2:43 of 3rd period - Shot by Erik Johnson.
2:43 of 3rd period - Stopped by Matt Murray without a rebound.
2:44 of 3rd period - Joe Pavelski wins face-off versus Lars Eller in Sabres zone.
3:39 of 3rd period - Shot by Jonathan Toews.
3:39 of 3rd period - Stopped by Matt Murray without a rebound.
3:40 of 3rd period - Jonathan Toews wins face-off versus Lars Eller in Sabres zone.
3:40 of 3rd period - Jonathan Toews is hit by Andy Greene.
3:43 of 3rd period - Jesper Fast is hit by Dan Girardi and loses puck.
3:48 of 3rd period - Shot by Jonathan Toews.
3:48 of 3rd period - Stopped by Matt Murray with a rebound.
3:52 of 3rd period - Shot by Jesper Fast.
3:52 of 3rd period - Shot Misses the Net.
3:54 of 3rd period - Shot by Stephen Johns.
3:54 of 3rd period - Shot Misses the Net.
3:56 of 3rd period - Shot by Daniel Sedin.
3:56 of 3rd period - Shot Blocked by Dan Girardi.
4:07 of 3rd period - Icing by Jonathan Toews.
4:08 of 3rd period - Lars Eller wins face-off versus Jonathan Toews in Kings zone.
4:50 of 3rd period - Shot by Austin Watson.
4:50 of 3rd period - Stopped by Matt Murray without a rebound.
4:51 of 3rd period - Joe Pavelski wins face-off versus Kyle Criscuolo in Sabres zone.
4:54 of 3rd period - Shot by Patrik Berglund.
4:54 of 3rd period - Stopped by Matt Murray with a rebound.
5:08 of 3rd period - Shot by Joe Pavelski.
5:08 of 3rd period - Stopped by Matt Murray without a rebound.
5:09 of 3rd period - Jonathan Toews wins face-off versus Kyle Turris in Sabres zone.
5:26 of 3rd period - Shot by Jesper Fast.
5:26 of 3rd period - Stopped by Matt Murray without a rebound.
5:27 of 3rd period - Paul Stastny wins face-off versus Joe Pavelski in Sabres zone.
5:29 of 3rd period - Icing by John Carlson.
5:30 of 3rd period - Joe Pavelski wins face-off versus Paul Stastny in Sabres zone.
7:01 of 3rd period - Shot by Zach Hyman.
7:01 of 3rd period - Stopped by Jacob Markstrom without a rebound.
7:02 of 3rd period - Mikael Backlund wins face-off versus Lars Eller in Kings zone.
8:15 of 3rd period - Andy Greene is hit by Patrik Berglund.
8:19 of 3rd period - Shot by Kyle Turris.
8:19 of 3rd period - Shot Blocked by Stephen Johns.
8:27 of 3rd period - Shot by Joe Pavelski.
8:27 of 3rd period - Stopped by Matt Murray without a rebound.
8:28 of 3rd period - Jonathan Toews wins face-off versus Kyle Criscuolo in Sabres zone.
8:39 of 3rd period - Shot by Jonathan Toews.
8:39 of 3rd period - Stopped by Matt Murray with a rebound.
8:56 of 3rd period - Icing by Adam Pelech.
8:57 of 3rd period - Joe Pavelski wins face-off versus Kyle Criscuolo in Sabres zone.
9:14 of 3rd period - Shot by Joe Pavelski.
9:14 of 3rd period - Stopped by Matt Murray with a rebound.
9:22 of 3rd period - Shot by Patrik Berglund.
9:22 of 3rd period - Shot Blocked by John Carlson.
9:35 of 3rd period - Icing by John Carlson.
9:36 of 3rd period - Jonathan Toews wins face-off versus Kyle Criscuolo in Sabres zone.
9:47 of 3rd period - Shot by Jonathan Toews.
9:47 of 3rd period - Deflect By Jesper Fast.
9:47 of 3rd period - Shot Misses the Net.
10:23 of 3rd period - Ryan Nugent-Hopkins is hit by Erik Johnson and loses puck.
10:32 of 3rd period - Shot by Austin Watson.
10:32 of 3rd period - Shot Blocked by Andy Greene.
10:34 of 3rd period - Shot by Austin Watson.
10:34 of 3rd period - Goal by Austin Watson - Kings : 4 - Sabres : 4.
10:35 of 3rd period - Joe Pavelski wins face-off versus Kyle Turris in neutral zone.
12:19 of 3rd period - Icing by Jake McCabe.
12:20 of 3rd period - Mikael Backlund wins face-off versus Lars Eller in Sabres zone.
12:35 of 3rd period - Shot by Austin Watson.
12:35 of 3rd period - Stopped by Matt Murray without a rebound.
12:36 of 3rd period - Kyle Turris wins face-off versus Jonathan Toews in Sabres zone.
12:36 of 3rd period - Kyle Turris is hit by Jesper Fast.
12:41 of 3rd period - Ryan Murray is hit by Jesper Fast and loses puck.
12:58 of 3rd period - Stephen Johns beats up Evander Kane.
12:58 of 3rd period - Penalty to Evander Kane for Fighting.
12:58 of 3rd period - Penalty to Stephen Johns for Fighting.
12:59 of 3rd period - Mikael Backlund wins face-off versus Paul Stastny in neutral zone.
13:03 of 3rd period - Shot by Mikael Backlund.
13:03 of 3rd period - Shot Blocked by Jake McCabe.
13:20 of 3rd period - Icing by Mikael Backlund.
13:21 of 3rd period - Zach Hyman wins face-off versus Mikael Backlund in Kings zone.
13:56 of 3rd period - Shot by Leon Draisaitl.
13:56 of 3rd period - Stopped by Jacob Markstrom with a rebound.
14:42 of 3rd period - Shot by Nick Bjugstad.
14:42 of 3rd period - Deflect By Joe Pavelski.
14:42 of 3rd period - Stopped by Matt Murray without a rebound.
14:43 of 3rd period - Mikael Backlund wins face-off versus Kyle Criscuolo in Sabres zone.
15:06 of 3rd period - Shot by Mikael Backlund.
15:06 of 3rd period - Stopped by Matt Murray with a rebound.
15:08 of 3rd period - Shot by Erik Johnson.
15:08 of 3rd period - Shot Misses the Net.
15:12 of 3rd period - Shot by Austin Watson.
15:12 of 3rd period - Shot Blocked by Brock Nelson.
15:35 of 3rd period - Icing by Klas Dahlbeck.
15:36 of 3rd period - Kyle Turris wins face-off versus Joe Pavelski in Kings zone.
16:09 of 3rd period - Shot by Paul Stastny.
16:09 of 3rd period - Shot Misses the Net.
16:12 of 3rd period - Icing by Matt Hunwick.
16:13 of 3rd period - Jonathan Toews wins face-off versus Lars Eller in Kings zone.
16:22 of 3rd period - Shot by Jesper Fast.
16:22 of 3rd period - Stopped by Matt Murray with a rebound.
17:01 of 3rd period - Dan Girardi is hit by Daniel Sedin and loses puck.
17:26 of 3rd period - Austin Watson is hit by Leon Draisaitl and loses puck.
17:57 of 3rd period - Shot by Nick Bjugstad.
17:57 of 3rd period - Deflect By Patrik Berglund.
17:57 of 3rd period - Stopped by Matt Murray without a rebound.
17:58 of 3rd period - Kyle Turris wins face-off versus Joe Pavelski in Sabres zone.
18:32 of 3rd period - Shot by Evander Kane.
18:32 of 3rd period - Shot Blocked by Joe Pavelski.
18:40 of 3rd period - Shot by Kyle Turris.
18:40 of 3rd period - Stopped by Jacob Markstrom with a rebound.
19:20 of 3rd period - Shot by Brendan Perlini.
19:20 of 3rd period - Goal by Brendan Perlini - Kings : 4 - Sabres : 5.
19:21 of 3rd period - Ryan Nugent-Hopkins wins face-off versus Mark Jankowski in neutral zone.
19:35 of 3rd period - Kings, Jacob Markstrom is pulled from the net.
19:43 of 3rd period - Shot by Anthony Cirelli.
19:43 of 3rd period - Stopped by Matt Murray without a rebound.
19:44 of 3rd period - Mark Jankowski wins face-off versus Leon Draisaitl in Sabres zone.
19:49 of 3rd period - Shot by Anthony Cirelli.
19:49 of 3rd period - Stopped by Matt Murray without a rebound.
19:50 of 3rd period - Mark Jankowski wins face-off versus Lars Eller in Sabres zone.
19:57 of 3rd period - Shot by Erik Johnson.
19:57 of 3rd period - Shot Blocked by John Carlson.
19:59 of 3rd period - Shot by Anthony Cirelli.
19:59 of 3rd period - Stopped by Matt Murray with a rebound.
Goals for this period are 2 for Kings vs 1 for Sabres.
Shots for this period are 23 for Kings vs 5 for Sabres.